 Dungeon Crawl Stone Soup version 0.28-a0-440-ge3cd3e9c68 (webtiles) character file.

Game seed: 14253419342984086923

84 gruber the Stinger (level 4, 0/27 HPs)
             Began as an Octopode Venom Mage on Sept 11, 2021.
             Slain by an adder (3 damage)
             ... on level 3 of the Dungeon.
             The game lasted 00:01:49 (2587 turns).

gruber the Stinger (Octopode Venom Mage)            Turns: 2587, Time: 00:01:50

Health: 0/27       AC:  1    Str:  7    XL:     4   Next: 45%
Magic:  3/7        EV: 13    Int: 18    God:
Gold:   83         SH:  0    Dex: 12    Spells: 2/7 levels left

rFire   . . .      SeeInvis +   b - +2 dagger (venom)
rCold   . . .      Faith    .   (no shield)
rNeg    . . .      Spirit   .   (helmet restricted)
rPois   .          Reflect  .   (no amulet)
rElec   .          Harm     .   j - ring of see invisible
rCorr   .          Rampage  .   l - +4 ring of slaying
Will    .....                   (no ring)
Stlth   ++++......              (no ring)
HPRegen 0.09/turn               (no ring)
MPRegen 0.10/turn               (no ring)
                                (no ring)
                                (no ring)

@: no status effects
A: almost no armour, amphibious, 8 rings, camouflage 1, gelatinous body 1,
nimble swimmer 1, tentacles
a: no special abilities


You were on level 3 of the Dungeon.
You visited 1 branch of the dungeon, and saw 3 of its levels.

You collected 83 gold pieces.

Inventory:

Hand Weapons
 b - a +2 dagger of venom (weapon)
Jewellery
 j - a ring of see invisible (left tentacle)
 l - a +4 ring of slaying (right tentacle)
Scrolls
 d - 2 scrolls of amnesia {unknown}
 e - a scroll of torment {unknown}
 f - a scroll of summoning {unknown}
 k - a scroll of identify {unknown}
 n - a scroll of fog {unknown}
Potions
 a - a potion of ambrosia {unknown}
 c - 2 potions of brilliance {unknown}
 g - 2 potions of degeneration {unknown}
 h - 2 potions of lignification {unknown}
 i - a potion of attraction {unknown}
 m - a potion of curing {unknown}


   Skills:
 - Level 2.0 Dodging
 - Level 2.6 Stealth
 - Level 2.0 Spellcasting
 - Level 1.0 Transmutations
 + Level 6.2 Poison Magic


You had 2 spell levels left.
You knew the following spells:

 Your Spells              Type           Power      Damage    Failure   Level
a - Sting                 Tmut/Pois      56%        1d5       4%          1
b - Olgreb's Toxic Radia  Pois           24%        N/A       14%         4

Your spell library contained the following spells:

 Spells                   Type           Power      Damage    Failure   Level
 Poisonous Vapours        Pois/Air       24%        N/A       8%          2
 Mephitic Cloud           Conj/Pois/Air  9%         N/A       24%         3
 Summon Guardian Golem    Hex/Summ       1%         N/A       47%         3
 Orb of Destruction       Conj           0%         N/A       100%        7
 Spellforged Servitor     Conj/Summ      0%         N/A       100%        7


Dungeon Overview and Level Annotations

Branches:
Dungeon (3/15)

Altars:
Nemelex Xobeh

Shops:
D:1 *


Innate Abilities, Weirdness & Mutations

You cannot wear most types of armour.
You are amphibious.
You can wear up to eight rings at the same time.
Your skin changes colour to match your surroundings (Stealth+).
Your rubbery body absorbs attacks. (AC +1, EV +1)
You are camouflaged near water. (Stealth+)
You have tentacles for arms and can constrict up to eight enemies at once.


Message History

Confirm with . or Enter, or press ? or * to list all spells.
Aiming: Sting (safe; 4% risk of failure)
Press: ? - help, Shift-Dir - straight line, f - adder
Aim: an adder (water, lightly wounded, 53% to hit)
The sting misses the adder.
You feel sick. The adder bites you.
* * * LOW HITPOINT WARNING * * *
The adder closely misses you.
Unknown command.
Unknown command.
Unknown command.
Unknown command.
Casting: Sting (safe; 4% risk of failure)
Confirm with . or Enter, or press ? or * to list all spells.
Aiming: Sting (safe; 4% risk of failure)
Press: ? - help, Shift-Dir - straight line, f/p - adder
Aim: an adder (water, lightly wounded, 53% to hit)
The sting hits the adder.
The adder is poisoned.
The adder is heavily wounded.
You feel sick. The adder closely misses you.
Unknown command.
Unknown command.
Unknown command.
Casting: Sting (safe; 4% risk of failure)
Confirm with . or Enter, or press ? or * to list all spells.
Aiming: Sting (safe; 4% risk of failure)
Press: ? - help, Shift-Dir - straight line, f/p - adder
Aim: an adder (water, heavily wounded, poisoned, 53% to hit)
The sting misses the adder.
You feel sick. The adder barely misses you.
Unknown command.
Unknown command.
Unknown command.
Casting: Sting (safe; 4% risk of failure)
Confirm with . or Enter, or press ? or * to list all spells.
Aiming: Sting (safe; 4% risk of failure)
Press: ? - help, Shift-Dir - straight line, f/p - adder
Aim: an adder (water, heavily wounded, poisoned, 53% to hit)
The sting misses the adder.
You feel sick.
You are no longer poisoned.
The adder bites you.
You die...

##.....#######.. ##
#......# #.# ♣≈
♣♣≈≈#.#.# ...
≈≈♣♣≈♣♣♣♣≈♣≈♣≈≈≈#
.#.
≈♣≈≈≈≈≈≈P≈P≈≈≈♣♣≈♣ .
. ≈≈≈≈≈♣≈P≈≈≈PP≈P≈≈♣
≈P≈P≈≈≈≈g≈≈≈≈≈≈P≈≈
≈≈≈≈≈≈≈†≈≈≈≈≈≈≈≈≈P≈
≈≈≈≈≈≈≈≈S@≈≈≈≈≈P≈≈≈P
P≈≈≈≈≈≈≈≈≈≈≈≈≈≈≈≈≈P
≈≈≈≈≈≈≈≈≈≈≈≈≈≈≈≈≈≈
≈♣≈≈≈≈≈≈≈≈≈≈≈≈≈≈≈
♣P≈♣≈≈≈≈≈≈≈≈≈≈≈≈P
≈≈≈≈P≈≈≈≈PP≈≈≈≈≈≈
♣≈≈≈≈≈≈PP≈♣♣♣P≈
♣P♣♣≈≈P♣≈≈P ≈.


You could see an adder (poisoned) and a hobgoblin.

Vanquished Creatures
  2 adders (D:2)
  A dart slug (D:1)
  5 ball pythons
  9 endoplasms
  2 giant cockroaches
  8 goblins
  4 hobgoblins
  7 kobolds
  5 quokkas
  2 bats
  2 frilled lizards
  8 rats
55 creatures vanquished.

Vanquished Creatures (others)
  11 plants (D:3)
11 creatures vanquished.

Grand Total: 66 creatures vanquished

Notes
Turn   | Place    | Note
-------+----------+-------------------------------------------
     0 | D:1      | gruber the Octopode Venom Mage began the quest for the Orb.
     0 | D:1      | Reached XP level 1. HP: 11/11 MP: 3/3
   126 | D:1      | Reached skill level 4 in Poison Magic
   164 | D:1      | Reached XP level 2. HP: 7/17 MP: 0/5
   635 | D:1      | Reached XP level 3. HP: 8/21 MP: 2/6
   642 | D:1      | Reached skill level 5 in Poison Magic
   947 | D:1      | Found Hiyrip's General Store.
  1202 | D:1      | Found a faded altar of an unknown god.
  1553 | D:2      | Reached XP level 4. HP: 16/27 MP: 7/7
  1855 | D:2      | Reached skill level 6 in Poison Magic
  1865 | D:2      | Learned a level 4 spell: Olgreb's Toxic Radiance
  2561 | D:3      | Found a sparkling altar of Nemelex Xobeh.
  2587 | D:3      | Slain by an adder

Illustrated notes

Levels and vault maps discovered:
D:1:      heliophobic_arrival_dark_side_of_the_moon, layout_basic, serial_shops,
          shop, serial_forest, infiniplex_forest_lined_corner,
          infiniplex_forest_lined_2, infiniplex_forest_clump_diagonal,
          infiniplex_forest_corner_1, infiniplex_forest_end_1,
          ebering_ecumenical_altar_webs, minmay_cut_off
D:2:      layout_loops_cross
D:3:      layout_loops_cross, lemuel_crystal_altar, grunt_ministairs_9,
          hangedman_abyss_or_decor_lesser_grid, st_stairs_4, serial_bayou_lake_a

Skill      XL: |  1  2  3  4 |
---------------+-------------+-----
Poison Magic   | 4 5 6 |  6.2
Dodging        | |  2.0
Stealth        | |  2.6
Spellcasting   | |  2.0
Transmutations | |  1.0

Action                   |  1- 3 |  4- 6 || total
-------------------------+-------+-------++-------
Melee: Unarmed           |    19 |       ||    19
       Constrict         |    13 |     5 ||    18
       Tentacles         |     8 |     4 ||    12
       Dagger            |    27 |    30 ||    57
 Cast: Sting             |    33 |     5 ||    38
 Stab: Sleeping          |     6 |     6 ||    12
Armor: Skin              |     4 |     2 ||     6
Dodge: Dodged            |    35 |    20 ||    55

Table legend: (Time is in decaauts)
 A = Elapsed time spent in this place.
 B = Non-inter-level travel time spent in this place.
 C = Inter-level travel time spent in this place.
 D = Time resting spent in this place.
 E = Time spent auto-exploring this place.
 F = Levels seen in this place.
 G = Mean time per level.
                   A        B        C        D        E       F      G
               +--------+--------+--------+--------+--------+-----+--------+
         Total |   2584 |   2531 |     53 |      0 |   2190 |   3 |  861.3 |
       Dungeon |   2584 |   2531 |     53 |      0 |   2190 |   3 |  861.3 |
               +--------+--------+--------+--------+--------+-----+--------+

Top non-repeatable levels by time:
     D:1: 1329 daAuts
     D:2: 1022 daAuts
     D:3: 232 daAuts
